 Dungeon Crawl Stone Soup version 0.28.0-47-ge53b351184 (webtiles) character file.

Game seed: 10085143231166077617

196 Peloso the Covered (level 5, 47/47 HPs)
             Began as a Minotaur Fighter on May 5, 2022.
             Got out of the dungeon alive.
             The game lasted 00:04:02 (2774 turns).

Peloso the Covered (Minotaur Fighter)               Turns: 2774, Time: 00:04:03

Health: 47/47      AC:  7    Str: 21    XL:     5   Next: 45%
Magic:  4/4        EV:  9    Int:  5    God:
Gold:   89         SH:  4    Dex: 11    Spells: 4/4 levels left

rFire   . . .      SeeInvis .   a - +1 long sword
rCold   . . .      Faith    .   c - +0 buckler
rNeg    . . .      Spirit   .   b - +0 scale mail
rPois   .          Reflect  .   (helmet restricted)
rElec   .          Harm     .   (no cloak)
rCorr   .          Rampage  .   (no gloves)
Will    .....                   (no boots)
Stlth   ..........              (no amulet)
HPRegen 0.15/turn               (no ring)
MPRegen 0.09/turn               (no ring)

@: no status effects
A: horns 2, retaliatory headbutt
a: no special abilities


You escaped.
You visited 1 branch of the dungeon, and saw 3 of its levels.

You collected 89 gold pieces.

Inventory:

Hand Weapons
 a - a +1 long sword (weapon)
Armour
 b - a +0 scale mail (worn)
 c - a +0 buckler (worn)
Jewellery
 k - an amulet of guardian spirit
Scrolls
 f - 2 scrolls of identify
 h - 2 scrolls of fog
 i - a scroll of enchant weapon
 m - a scroll of immolation
Potions
 d - 2 potions of might
 g - 2 potions of heal wounds


   Skills:
 + Level 4.4 Fighting
 + Level 4.8 Long Blades
 + Level 4.8 Armour
 + Level 0.8 Dodging
 + Level 0.1 Stealth
 + Level 4.3 Shields


You had 4 spell levels left.
You didn't know any spells.
Your spell library was empty.

Dungeon Overview and Level Annotations

Branches:
Dungeon (3/15)

Altars:
Trog
Uskayaw

Shops:
D:1 [:*!?


Innate Abilities, Weirdness & Mutations

You have a pair of horns on your head.
You reflexively headbutt those who attack you in melee.


Message History

Moving in this stuff is going to be slow.
The kobold hits you but does no damage. The kobold barely misses you.
The kobold hits you but does no damage.
You closely miss the kobold. The kobold closely misses you.
You furiously retaliate!
You headbutt the kobold.
You kill the kobold!
Things that are here:
5 stones; a +0 animal skin; a kobold corpse You enter the shallow water.
Moving in this stuff is going to be slow.
Items here: ( [[ ††.
Things that are here:
5 stones; a +0 animal skin; a goblin corpse
Items here: ( [[ †.
e - a scroll labelled CEIQIH ZAPNUAH A giant cockroach comes into view.
Found a dark potion.
A giant cockroach is nearby!
A giant cockroach is nearby!
You block the giant cockroach's attack.
You slash the giant cockroach!
You kill the giant cockroach!
j - a dark potion It was a potion of haste.
You feel yourself speed up.
As you read the scroll labelled CEIQIH ZAPNUAH, it crumbles to dust.
You speak a Word of immense power!
It was a scroll of holy word.
(D) Dungeon
Where to? (Enter - D:12, ? - help)
What level of the Dungeon? (default 1, ? - help)
There is a stone staircase leading up here.
You climb upwards.
There is a stone staircase leading down here.
Your extra speed is starting to run out.
You feel yourself slow down.
There is a stone staircase leading up here.
You climb upwards.
There is a stone staircase leading down here.
There is a staircase leading out of the dungeon here.
Are you sure you want to leave the Dungeon?
This will make you lose the game!
You have escaped!

#.................†..#####
###########..##.............#
#..........).##.............#
#............##.............#
#..........)....######......#
##.............### ########
##.............#
............##.###
##############.#@## #
#..........##.##
#####.#######...#..## ...##.#
#..∩..##..## ##.##.#
#......#...## #.....#
#....#.##...##
...########....#..#....##########
...............#..##....##.....##
..############.#...#......#####..


There were no monsters in sight!

Vanquished Creatures
  2 orc priests (D:3)
  An iguana (D:3)
  3 adders
  2 worms (D:2)
  4 orcs (D:3)
  6 bats
  5 endoplasms
  4 giant cockroaches
  7 hobgoblins
  6 jackals (D:1)
  5 quokkas
  6 ball pythons
  A frilled lizard (D:1)
  10 goblins
  2 kobolds (D:3)
  6 rats
70 creatures vanquished.

Notes
Turn   | Place    | Note
-------+----------+-------------------------------------------
     0 | D:1      | Peloso the Minotaur Fighter began the quest for the Orb.
     0 | D:1      | Reached XP level 1. HP: 19/19 MP: 0/0
    35 | D:1      | Reached XP level 2. HP: 16/27 MP: 1/1
   190 | D:1      | Found Vykuduicw's Distillery.
   408 | D:1      | Found Oxioluyp's Magic Scroll Boutique.
   451 | D:1      | Found a faded altar of an unknown god.
   486 | D:1      | Found Pekiram's General Store.
   545 | D:1      | Found Ykkipiutz's Armour Boutique.
   632 | D:1      | Found Enaimm's Book Emporium.
   838 | D:2      | Reached XP level 3. HP: 33/33 MP: 2/2
  1003 | D:2      | Found a hide-covered altar of Uskayaw.
  1358 | D:2      | Reached XP level 4. HP: 29/40 MP: 3/3
  2060 | D:3      | Reached XP level 5. HP: 47/47 MP: 4/4
  2472 | D:3      | Found a bloodstained altar of Trog.
  2774 | D:$      | Got out of the dungeon alive.

Illustrated notes

Levels and vault maps discovered:
D:1:      minmay_arrival_pointy, layout_basic,
          shapermc_ecumenical_altar_starsandcircs, serial_shops, shop,
          nicolae_shop_stone, nicolae_lakefront_shop, shop, shop_fountains
D:2:      layout_loops_ring, basic_altar, kennysheep_generic_room_13
D:3:      layout_loops_cross, trog_hazing_becter

Skill      XL: |  1  2  3  4 |
---------------+-------------+-----
Armour         | 4 |  4.8
Fighting       | 4 |  4.4
Long Blades    | 3 4 |  4.8
Shields        | 4 |  4.3
Dodging        | |  0.8
Stealth        | |  0.1

Action                   |  1- 3 |  4- 6 || total
-------------------------+-------+-------++-------
Melee: Long sword        |    93 |    69 ||   162
       Headbutt          |     8 |     8 ||    16
  Use: Scroll            |       |     6 ||     6
       Potion            |       |     3 ||     3
Armor: Scale mail        |    63 |    39 ||   102
       Skin              |       |     3 ||     3
Dodge: Dodged            |    68 |    35 ||   103
Block: Buckler           |    35 |    20 ||    55
